 Dungeon Crawl Stone Soup version 0.29.1-2-gbd0b4ee654 (webtiles) character file.

Game seed: 6313622729782126386

467 zeram the Shield-Bearer (level 7, -7/60 HPs)
             Began as a Gnoll Fighter on Nov 18, 2022.
             Mangled by Pikel
             ... wielding a +0 whip of electrocution
              (19 damage)
             ... on level 6 of the Dungeon.
             The game lasted 00:04:16 (2697 turns).

zeram the Shield-Bearer (Gnoll Fighter)             Turns: 2697, Time: 00:04:16

Health: -7/60      AC:  9    Str: 17    XL:     7   Next: 8%
Magic:  10/10      EV: 14    Int:  8    God:
Gold:   271        SH:  0    Dex: 11    Spells: 10/10 levels left

rFire   + . .      SeeInvis .   a - +1 war axe
rCold   . . .      Faith    .   c - +0 buckler
rNeg    . . .      Spirit   .   b - +0 scale mail
rPois   .          Reflect  .   d - +0 helmet
rElec   .          Harm     .   (no cloak)
rCorr   .          Rampage  .   (no gloves)
Will    .....                   (no boots)
Stlth   ..........              (no amulet)
HPRegen 0.20/turn               f - +4 ring of evasion
MPRegen 0.12/turn               j - ring of protection from fire

@: confused, ambrosia-drunk
A: fangs 1, strong nose, distributed training
a: no special abilities


You were on level 6 of the Dungeon.
You visited 1 branch of the dungeon, and saw 4 of its levels.

You collected 271 gold pieces.

Inventory:

Hand Weapons
 a - a +1 war axe (weapon)
Armour
 b - a +0 scale mail (worn)
 c - a +0 buckler (worn)
 d - a +0 helmet (worn)
Jewellery
 f - a +4 ring of evasion (left hand)
 j - a ring of protection from fire (right hand)
Wands
 l - a wand of polymorph (2)
Scrolls
 g - a scroll of vulnerability
 h - 2 scrolls of butterflies
 i - a scroll of identify
Potions
 e - 2 potions of curing
 k - a potion of degeneration
 n - a potion of heal wounds {unknown}


   Skills:
 + Level 7.0 Fighting
 + Level 2.3 Short Blades
 + Level 2.3 Long Blades
 + Level 5.2 Axes
 + Level 2.3 Maces & Flails
 + Level 2.3 Polearms
 + Level 2.3 Staves
 + Level 2.3 Ranged Weapons
 + Level 2.3 Throwing
 + Level 7.0 Armour
 + Level 2.3 Dodging
 + Level 2.3 Stealth
 + Level 7.0 Shields
 + Level 2.3 Unarmed Combat
 + Level 2.3 Spellcasting
 + Level 1.9 Conjurations
 + Level 1.9 Hexes
 + Level 1.9 Summonings
 + Level 1.9 Necromancy
 + Level 1.9 Translocations
 + Level 1.9 Transmutations
 + Level 1.9 Fire Magic
 + Level 1.9 Ice Magic
 + Level 1.9 Air Magic
 + Level 1.9 Earth Magic
 + Level 1.9 Poison Magic
 + Level 2.6 Invocations
 + Level 2.3 Evocations


You had 10 spell levels left.
You didn't know any spells.
Your spell library was empty.

Dungeon Overview and Level Annotations

Branches:
Dungeon (3/15)

Altars:

Annotations:
D:6 Pikel


Innate Abilities, Weirdness & Mutations

You have very sharp teeth.
Your uncanny sense of smell can sniff out nearby items.
Your experience applies equally to all skills.


Message History

You kill the lemure!
That felt strangely unrewarding.
You hit Pikel. Pikel barely misses you.
Unknown command.
You barely miss Pikel.
Pikel is lightly wounded.
Pikel barely misses you.
Pikel hits you with a +0 whip of electrocution.
You barely miss Pikel. You bite Pikel, but do no damage.
Pikel is lightly wounded.
Pikel barely misses you.
Okay, then.
You hit Pikel.
Pikel is lightly wounded.
Pikel hits you with a +0 whip of electrocution.
You closely miss Pikel.
Pikel is lightly wounded.
You block Pikel's attack.
You hit Pikel but do no damage.
Pikel is lightly wounded.
Pikel barely misses you. Pikel closely misses you.
You barely miss Pikel.
Pikel is lightly wounded.
Pikel hits you but does no damage.
You are electrocuted!!
You hit Pikel.
Pikel is moderately wounded.
Pikel says, "I'm sure the Orcish Mines are around here somewhere..."
Pikel hits you with a +0 whip of electrocution. x2
You are electrocuted!!
* * * LOW HITPOINT WARNING * * *
You are confused.
You feel invigorated. Pikel misses you.
You hit Pikel.
Pikel is moderately wounded.
Pikel closely misses you.
Unknown command.
You bump into the rock wall.
Pikel hits you with a +0 whip of electrocution.
* * * LOW HITPOINT WARNING * * *
You are electrocuted!!
You die...

#.##.#.......
#.#.#.........
#.#......##...#
###.#......##....
................
#######[#..#.#.##...
#..........#.#... ..
##.####.#####.#....#.##...
.......55K@......###.. ..
#.####5######.#.# . .
#......# #..... ........#
####### ........#
........# .........
........$ .........


You could see Pikel and 3 lemures.

Vanquished Creatures
  An ogre (D:6)
  A lemure (D:6)
  A scorpion (D:3)
  2 orc priests (D:3)
  Jessica (D:2)
  Natasha (thrice) (D:2)
  An orc wizard (D:3)
  Robin (D:2)
  5 adders
  2 worms
  A dart slug (D:2)
  6 orcs (D:3)
  5 bats
  3 endoplasms (D:2)
  5 giant cockroaches
  16 goblins
  8 hobgoblins
  4 quokkas
  2 ball pythons (D:2)
  2 frilled lizards (D:2)
  6 kobolds
  11 rats
87 creatures vanquished.

Notes
Turn   | Place    | Note
-------+----------+-------------------------------------------
     0 | D:1      | zeram the Gnoll Fighter began the quest for the Orb.
     0 | D:1      | Reached XP level 1. HP: 23/23 MP: 1/1
   218 | D:1      | Reached XP level 2. HP: 22/29 MP: 2/2
   823 | D:2      | Reached XP level 3. HP: 31/35 MP: 2/4
   828 | D:2      | Reached skill level 1 in Invocations
   940 | D:2      | Reached skill level 1 in Short Blades
   940 | D:2      | Reached skill level 1 in Long Blades
   940 | D:2      | Reached skill level 1 in Maces & Flails
   940 | D:2      | Reached skill level 1 in Polearms
   940 | D:2      | Reached skill level 1 in Staves
   940 | D:2      | Reached skill level 1 in Ranged Weapons
   940 | D:2      | Reached skill level 1 in Throwing
   940 | D:2      | Reached skill level 1 in Dodging
   940 | D:2      | Reached skill level 1 in Stealth
   940 | D:2      | Reached skill level 1 in Unarmed Combat
   940 | D:2      | Reached skill level 1 in Spellcasting
   940 | D:2      | Reached skill level 1 in Evocations
  1045 | D:2      | Reached XP level 4. HP: 38/41 MP: 5/5
  1094 | D:2      | Noticed Jessica
  1094 | D:2      | Noticed Natasha
  1105 | D:2      | Killed Jessica
  1106 | D:2      | Reached skill level 1 in Conjurations
  1106 | D:2      | Reached skill level 1 in Hexes
  1106 | D:2      | Reached skill level 1 in Summonings
  1106 | D:2      | Reached skill level 1 in Necromancy
  1106 | D:2      | Reached skill level 1 in Translocations
  1106 | D:2      | Reached skill level 1 in Transmutations
  1106 | D:2      | Reached skill level 1 in Fire Magic
  1106 | D:2      | Reached skill level 1 in Ice Magic
  1106 | D:2      | Reached skill level 1 in Air Magic
  1106 | D:2      | Reached skill level 1 in Earth Magic
  1106 | D:2      | Reached skill level 1 in Poison Magic
  1109 | D:2      | Killed Natasha
  1109 | D:2      | Noticed Natasha
  1116 | D:2      | Killed Natasha
  1117 | D:2      | Reached XP level 5. HP: 9/47 MP: 5/7
  1356 | D:2      | Noticed Robin
  1375 | D:2      | Killed Robin
  1743 | D:2      | Noticed Natasha
  1750 | D:2      | Killed Natasha
  1828 | D:3      | Reached skill level 5 in Axes
  1828 | D:3      | Reached XP level 6. HP: 21/53 MP: 7/9
  2170 | D:3      | Found a faded altar of an unknown god.
  2386 | D:3      | You fall into a shaft and drop 3 floors!
  2606 | D:6      | Reached XP level 7. HP: 54/60 MP: 10/10
  2678 | D:6      | Noticed Pikel
  2697 | D:6      | Mangled by Pikel

Illustrated notes

Levels and vault maps discovered:
D:1:      dpeg_arrival_rooms_c, layout_basic, minmay_statues_item,
          minmay_rat_gold_closets
D:2:      minmay_chambers_of_twos, layout_basic, minmay_between, uniq_natasha,
          uniq_jessica, uniq_robin
D:3:      layout_basic, hellmonk_ecumenical_altar_leap_of_faith
D:6:      layout_basic, minmay_temple_entry_large_hall, uniq_pikel

Skill      XL: |  1  2  3  4  5  6 |
---------------+-------------------+-----
Invocations    | 1 2 |  2.6
Short Blades   | 1 2 |  2.3
Long Blades    | 1 2 |  2.3
Maces & Flails | 1 2 |  2.3
Polearms       | 1 2 |  2.3
Staves         | 1 2 |  2.3
Ranged Weapons | 1 2 |  2.3
Throwing       | 1 2 |  2.3
Dodging        | 1 2 |  2.3
Stealth        | 1 2 |  2.3
Unarmed Combat | 1 2 |  2.3
Spellcasting   | 1 2 |  2.3
Evocations     | 1 2 |  2.3
Conjurations   | 1 |  1.9
Hexes          | 1 |  1.9
Summonings     | 1 |  1.9
Necromancy     | 1 |  1.9
Translocations | 1 |  1.9
Transmutations | 1 |  1.9
Fire Magic     | 1 |  1.9
Ice Magic      | 1 |  1.9
Air Magic      | 1 |  1.9
Earth Magic    | 1 |  1.9
Poison Magic   | 1 |  1.9
Axes           | 5 |  5.2
Fighting       | 7 |  7.0
Armour         | 7 |  7.0
Shields        | 7 |  7.0

Action                   |  1- 3 |  4- 6 |  7- 9 || total
-------------------------+-------+-------+-------++-------
Melee: War axe           |   109 |   125 |    13 ||   247
       Bite              |    13 |    14 |     1 ||    28
       Unarmed           |       |    15 |       ||    15
  Use: Scroll            |     6 |     5 |       ||    11
       Potion            |       |     3 |     1 ||     4
Armor: Scale mail        |    38 |    50 |     2 ||    90
       Skin              |       |     5 |       ||     5
Dodge: Dodged            |    62 |    87 |    12 ||   161
Block: Buckler           |    44 |    51 |     2 ||    97
